 Dungeon Crawl Stone Soup version 0.29-a0-414-g5075937ec3 (webtiles) character file.

Game seed: 11612057722447653640

129 runemasterragnar the Ruffian (level 4, 0/36 HPs)
             Began as a Draconian Transmuter on May 15, 2022.
             Slain by an orc wizard
             ... wielding a +0 dagger
              (2 damage)
             ... on level 2 of the Dungeon.
             The game lasted 00:03:36 (2928 turns).

runemasterragnar the Ruffian (Draconian Transmuter) Turns: 2928, Time: 00:03:36

Health: 0/36       AC:  5    Str: 10 (12) XL:     4   Next: 88%
Magic:  3/7        EV: 12    Int: 13 (16) God:
Gold:   103        SH:  0    Dex:  9 (11) Spells: 2/8 levels left

rFire   . . .      SeeInvis .     - Unarmed
rCold   . . .      Faith    .   (no shield)
rNeg    . . .      Spirit   .   (body armour unavailable)
rPois   .          Reflect  .   (helmet restricted)
rElec   .          Harm     .   (no cloak)
rCorr   .          Rampage  .   (no gloves)
Will    .....                   (no boots)
Stlth   +.........              (no amulet)
HPRegen 0.12/turn               (no ring)
MPRegen 0.10/turn               (no ring)

@: no status effects
A: AC +5, unfitting armour, cold-blooded
a: no special abilities


You were on level 2 of the Dungeon.
You visited 1 branch of the dungeon, and saw 3 of its levels.

You collected 103 gold pieces.

Inventory:

Jewellery
 k - an amulet of faith
Scrolls
 c - 2 scrolls of amnesia {unknown}
 f - a scroll of immolation {unknown}
 g - a scroll of enchant weapon {unknown}
 h - a scroll of fear {unknown}
 i - a scroll of identify {unknown}
 m - a scroll of blinking {unknown}
 n - a scroll of teleportation {unknown}
Potions
 a - a potion of lignification
 d - a potion of heal wounds {unknown}
 e - a potion of flight {unknown}
 j - a potion of mutation {unknown}
 l - a potion of magic {unknown}
 o - a potion of curing {unknown}


   Skills:
 + Level 2.3 Fighting
 + Level 2.4 Dodging
 + Level 3.5 Unarmed Combat
 + Level 2.6 Spellcasting
 * Level 3.3 Transmutations


You had 2 spell levels left.
You knew the following spells:

 Your Spells              Type           Power      Damage    Failure   Level
a - Beastly Appendage     Tmut           20%        N/A       6%          1
b - Wereblood             Tmut           10%        N/A       9%          2
c - Spider Form           Tmut/Pois      6%         N/A       36%         3

Your spell library contained the following spells:

 Spells                   Type           Power      Damage    Failure   Level
 Ice Form                 Ice/Tmut       6%         N/A       77%         4


Dungeon Overview and Level Annotations

Branches:
Dungeon (3/15)

Altars:


Innate Abilities, Weirdness & Mutations

Your plain brown scales are hard. (AC +5)
You cannot fit into any form of body armour.
You are cold-blooded and may be slowed by cold attacks.


Message History

Okay, then.
Casting: Spider Form (quite dangerous; 30% risk of failure)
Confirm with . or Enter, or press ? or * to list all spells.
The spell is quite dangerous to miscast (30% risk of failure)!
Continue anyway?
You turn into a venomous arachnid creature.
The orc wizard completely misses you.
You hit the worm.
The worm looks as sick as possible!
The worm is severely wounded.
Your transformation is almost over.
You kill the orc wizard!
The worm bites you.
You bite the frilled lizard!
You kill the frilled lizard!
The worm bites you!
Things that are here:
a +0 dagger; a +0 robe of cold resistance; a frilled lizard corpse You hit the worm.
You kill the worm!
Something completely misses you.
Things that are here:
a +0 dagger; a +0 robe of cold resistance; a frilled lizard corpse Something hits you.
Deactivating autopickup; reactivate with Ctrl-A.
There is a stone staircase leading down here.
You start resting.
Something hits you.
* * * LOW HITPOINT WARNING * * *
You start resting.
You hear some strange, mumbled words.
A magic dart appears from out of thin air!
The magic dart hits you.
* * * LOW HITPOINT WARNING * * *
There is a strange disturbance nearby!
You closely miss something. Something hits you.
* * * LOW HITPOINT WARNING * * *
It was a potion of degeneration.
There was something very wrong with that liquid.
You feel weakened.
You feel dopey.
You feel clumsy.
Your transformation has ended.
Something hits you.
You die...

#.........#.# #.###.###.#†# #.#
#.# #.#.# ######## #.# #.###.#.#
#....... #.# #...^.#.# #.......
#.#######)#.## #.......
#.##.........### #.......
#.##.###.......###########.......
#.##.# #.##..#.#@)...............
#.##.# #.#...#.#{####.####.######
#.##.# #.#..##.#.####.####..#####
#.##.###.#†.##.#.................
#.#............######.#####..####
#.######...##########.# ##.#
#....###...# #.....# #.##
#..........######.##### #..#
##.#..<##..........# ##.##


There were no monsters in sight!

Vanquished Creatures
  An orc wizard (D:2)
  3 gnolls (D:2)
  An adder (D:2)
  5 worms (D:2)
  4 bats
  8 endoplasms
  3 giant cockroaches (D:1)
  A goblin (D:2)
  3 hobgoblins
  2 quokkas (D:1)
  5 ball pythons
  6 frilled lizards
  6 kobolds
  6 rats
54 creatures vanquished.

Notes
Turn   | Place    | Note
-------+----------+-------------------------------------------
     0 | D:1      | runemasterragnar the Draconian Transmuter began the quest
                  | for the Orb.
     0 | D:1      | Reached XP level 1. HP: 16/16 MP: 3/3
   418 | D:1      | Reached XP level 2. HP: 21/23 MP: 3/5
  1469 | D:2      | Reached XP level 3. HP: 16/29 MP: 4/6
  1618 | D:2      | Learned a level 2 spell: Wereblood
  1622 | D:2      | Learned a level 3 spell: Spider Form
  2220 | D:2      | Reached XP level 4. HP: 12/36 MP: 1/7
  2623 | D:2      | Found a faded altar of an unknown god.
  2928 | D:2      | Slain by an orc wizard

Illustrated notes

Levels and vault maps discovered:
D:1:      dpeg_arrival_rooms_c, layout_basic
D:2:      layout_basic, shapermc_ecumenical_altar_pompeii
D:3:      layout_rooms, gammafunk_ghost_smash, serial_shops,
          nicolae_square_shop, nicolae_shop_crystal, nicolae_shop_statue_plus,
          dreamdust_mushroom_princess

Skill      XL: |  1  2  3 |
---------------+----------+-----
Dodging        | 2 |  2.4
Fighting       | 2 |  2.3
Transmutations | 3 |  3.3
Unarmed Combat | |  3.5
Spellcasting   | |  2.6

Action                   |  1- 3 |  4- 6 || total
-------------------------+-------+-------++-------
Melee: Unarmed           |   109 |    30 ||   139
       Kick              |    24 |     1 ||    25
       Headbutt          |    13 |     1 ||    14
       Tailslap          |     6 |     1 ||     7
       Punch             |       |     1 ||     1
 Cast: Beastly Appendage |    29 |     3 ||    32
       Spider Form       |     1 |     3 ||     4
  Use: Potion            |       |     1 ||     1
 Stab: Sleeping          |     1 |       ||     1
Armor: Skin              |    35 |     3 ||    38
Dodge: Dodged            |    64 |    21 ||    85

Table legend: (Time is in decaauts)
 A = Elapsed time spent in this place.
 B = Non-inter-level travel time spent in this place.
 C = Inter-level travel time spent in this place.
 D = Time resting spent in this place.
 E = Time spent auto-exploring this place.
 F = Levels seen in this place.
 G = Mean time per level.
                   A        B        C        D        E       F      G
               +--------+--------+--------+--------+--------+-----+--------+
         Total |   2927 |   2877 |     50 |    241 |   2216 |   3 |  975.7 |
       Dungeon |   2927 |   2877 |     50 |    241 |   2216 |   3 |  975.7 |
               +--------+--------+--------+--------+--------+-----+--------+

Top non-repeatable levels by time:
     D:1: 1700 daAuts
     D:2: 1221 daAuts
     D:3: 5 daAuts
